 Dungeon Crawl Stone Soup version 0.30.0-10-gfe55d96785 (webtiles) character file.

Game seed: 13024682103630262968

5 Frutz the Grasshopper (level 1, 0/19 HPs)
             Began as a Naga Warper on May 15, 2023.
             Slain by a goblin
             ... wielding a +0 club
              (4 damage)
             ... on level 1 of the Dungeon.
             The game lasted 00:00:45 (105 turns).

Frutz the Grasshopper (Naga Warper)                  Turns: 105, Time: 00:00:45

Health: 0/19       AC:  1    Str: 13    XL:     1   Next: 80%
Magic:  3/3        EV:  9    Int: 13    God:
Gold:   10         SH:  0    Dex: 10    Spells: 4/4 levels left

rFire   . . .        a - +0 falchion
rCold   . . .        (no shield)
rNeg    . . .        b - +0 leather armour
rPois   +            (no helmet)
rElec   .            (no cloak)
rCorr   .            (no gloves)
SInv    +            (no barding)
Will    .....        (no amulet)
Stlth   +            e - ring of poison resistance
HPRegen 0.23/turn    (no ring)
MPRegen 0.08/turn

%: no passive effects
@: very slow
A: AC +0, large, see invisible, deformed body, poison resistance, slowness 2,
spit poison 1, naga tail 1
a: Spit Poison


You were on level 1 of the Dungeon.
You visited 1 branch of the dungeon, and saw 1 of its levels.

You collected 10 gold pieces.

Inventory:

Hand Weapons
 a - a +0 falchion (weapon)
Missiles
 d - 7 boomerangs of dispersal (quivered)
Armour
 b - a +0 leather armour (worn)
Jewellery
 e - a ring of poison resistance (left hand)
Scrolls
 c - a scroll of blinking
 f - a scroll of enchant armour {unknown}


   Skills:
 + Level 2.0 Fighting
 + Level 2.1 Long Blades
 + Level 0.8 Throwing
 + Level 0.9 Armour
 + Level 1.5 Dodging
 + Level 2.0 Spellcasting
 + Level 3.1 Translocations


You had 4 spell levels left.
You didn't know any spells.
Your spell library contained the following spells:

 Spells                   Type           Power      Damage    Failure   Level
 Blink                    Tloc           18%        N/A       13%         2
 Lesser Beckoning         Tloc           18%        N/A       13%         2
 Teleport Other           Tloc           9%         N/A       26%         3
 Vhi's Electric Charge    Tloc/Air       10%        N/A       45%         3
 Manifold Assault         Tloc           9%         N/A       65%         4


Dungeon Overview and Level Annotations

Branches:
Dungeon (1/15)

Altars:

Shops:
D:1 :


Innate Abilities, Weirdness & Mutations

Your serpentine skin is tough. (AC +0)
You have supernaturally acute eyesight. (SInv)
Armour fits poorly on your strangely shaped body.
Your system is resistant to poisons. (rPois)
You cover ground very slowly.
You can spit poison.
You have a snake-like lower body.


Message History

You hit the bat.
You kill the bat!
Found 6 gold pieces.
Found Tudghyed's Book Boutique.
Found a smoky grey potion.
A goblin comes into view. It is wielding a +0 club.
The goblin shouts!
A ball python comes into view. x2
The goblin moves out of view.
The ball python hisses angrily. x2
The ball python closely misses you.
Found a ring mail.
The ball python barely misses you. The goblin closely misses you.
The ball python barely misses you.
You see here 6 gold pieces.
You hit the ball python but do no damage.
The goblin hits you with a +0 club. The ball python bites you.
The ball python completely misses you.
You hit the ball python.
The ball python is moderately wounded.
The ball python bites you. The ball python misses you.
The goblin barely misses you. The ball python bites you.
The ball python barely misses you.
You hit the ball python.
You kill the ball python!
The goblin hits you with a +0 club. The ball python barely misses you.
The goblin hits you with a +0 club. The ball python bites you.
The goblin hits you with a +0 club.
* * * LOW HITPOINT WARNING * * *
The ball python barely misses you.
You barely miss the ball python. The goblin closely misses you.
The ball python bites you.
* * * LOW HITPOINT WARNING * * *
You slash the ball python!
You kill the ball python!
The goblin hits you with a +0 club.
* * * LOW HITPOINT WARNING * * *
You closely miss the goblin. The goblin barely misses you.
The goblin closely misses you.
You closely miss the goblin. The goblin hits you with a +0 club.
You die...

### .. ...
!.# .∩. ..[
..##.# #
##.#.#
#..#....##
#.......#
..#.###$#.###
#.....†@g...#
#..###...##.#
##..##.#
##..#.# ###
...#.####.##
..##....†..#
..###†####.##
.# #..# #.#
#...# #.#


You could see a goblin.

Vanquished Creatures
  A giant cockroach (D:1)
  A hobgoblin (D:1)
  2 ball pythons (D:1)
  A bat (D:1)
5 creatures vanquished.

Notes
Turn   | Place    | Note
-------+----------+-------------------------------------------
     0 | D:1      | Frutz the Naga Warper began the quest for the Orb.
     0 | D:1      | Reached XP level 1. HP: 19/19 MP: 3/3
    91 | D:1      | Found Tudghyed's Book Boutique.
   105 | D:1      | Slain by a goblin

Illustrated notes

Levels and vault maps discovered:
D:1:      sevenhm_arrival_forest_fort_large_2, layout_loops_cross, serial_shops,
          nicolae_book_shop_shelving, minmay_cupped

Action                     || total
---------------------------++-------
  Melee: Falchion          ||    16
 Armour: Leather armour    ||     5
  Dodge: Dodged            ||    17
